 Dungeon Crawl Stone Soup version 0.23.2 (webtiles) character file.

Game seed: 8746392919712199589

548 Fang the Skirmisher (level 7, 0/44 HPs)
             Began as a Gargoyle Berserker on Apr 1, 2019.
             Was a Priest of Trog.
             Killed from afar by a kobold (10 damage)
             ... with a wand of acid (3)
             ... on level 4 of the Dungeon.
             The game lasted 00:03:46 (4276 turns).

Fang the Skirmisher (Gargoyle Berserker)            Turns: 4276, Time: 00:03:47

Health: 0/44       AC: 15    Str: 22    XL:     7   Next: 28%
Magic:  7/7        EV:  9    Int:  8    God:    Trog [***...]
Gold:   156        SH:  0    Dex:  9    Spells: 6/6 levels left

rFire    . . .     SeeInvis .   n - +0 war axe
rCold    . . .     Gourm    .   (no shield)
rNeg     + . .     Faith    .   r - +0 chain mail
rPois    ∞         Spirit   .   o - +1 hat {MR+}
rElec    +         Reflect  .   (no cloak)
rCorr    .         Harm     .   (no gloves)
MR       +++..                  (no boots)
Stlth    ..........             (no amulet)
HPRegen  1.14/turn              (no ring)
MPRegen  0.10/turn              (no ring)

@: berserk cooldown, regenerating, slowed, very slow
A: negative energy resistance 1, electricity resistance, unbreathing,
petrification resistance, rot immunity, AC +4
a: Berserk, Trog's Hand, Renounce Religion


You were on level 4 of the Dungeon.
You worshipped Trog.
Trog was most pleased with you.
You were very hungry.

You visited 1 branch of the dungeon, and saw 4 of its levels.

You collected 156 gold pieces.

Inventory:

Hand Weapons
 n - a +0 war axe (weapon)
Armour
 o - a +1 hat of magic resistance (worn)
 r - a +0 chain mail (worn)
Scrolls
 d - a scroll of blinking {unknown}
 e - 6 scrolls of amnesia {unknown}
 f - a scroll of magic mapping {unknown}
 i - 6 scrolls of identify {unknown}
 k - a scroll of random uselessness {unknown}
 m - 2 scrolls of immolation {unknown}
 p - a scroll of noise {unknown}
 s - a scroll of enchant weapon {unknown}
 t - 3 scrolls of remove curse {unknown}
 u - 2 scrolls of fear {unknown}
Potions
 a - a potion of resistance {unknown}
 g - 4 potions of curing {unknown}
 h - a potion of flight {unknown}
 j - a potion of invisibility {unknown}
 l - 3 potions of degeneration {unknown}
 q - a potion of lignification {unknown}
 v - a potion of ambrosia {unknown}
Comestibles
 b - 6 chunks of flesh
 c - 6 rations


   Skills:
 + Level 5.2 Fighting
 + Level 4.4 Axes
 + Level 4.5 Armour
 + Level 3.3 Dodging


You had 6 spell levels left.
You didn't know any spells.
Your spell library was empty.

Dungeon Overview and Level Annotations

Branches:
Dungeon (4/15)
 Temple: D:4-7

Altars:
Kikubaaqudgha
Qazlal
Vehumet
The Shining One

Annotations:
D:4 Firecrotchwizard's ghost, amateur GnWn


Innate Abilities, Weirdness & Mutations

You are resistant to torment.
Your stone body is resilient. (AC +4)
You are immune to poison.
You resist negative energy. (rN+)
You are resistant to electric shocks. (rElec)
You can survive without breathing.
You are immune to petrification.
You are immune to rotting.


Message History

The kobold hits you but does no damage. The big kobold closely misses you.
The kobold hits you but does no damage.
Firecrotchwizard's ghost gestures wildly while chanting.
Firecrotchwizard's ghost blinks!
You feel a strong urge to attack something.
The kobold hits you but does no damage.
There is an open translucent gate here.
The kobold unwields a +0 dagger.
The kobold wields a +0 blowgun.
The kobold shoots a poisoned needle.
The poisoned needle hits you!
Firecrotchwizard's ghost gestures wildly while chanting.
Firecrotchwizard's ghost blinks!
You see here a poisoned needle.
You feel your anger nearly subside.
You are no longer berserk.
You are exhausted.
You feel yourself slow down.
The kobold zaps a wand.
The bolt of acid hits the kobold!
The kobold is splashed with acid.
The acid corrodes the kobold!
The kobold dies!
The bolt of acid hits you!
You die...

#### #####..#########
##.⌠.##.........#
##.#.#.#.........#####
#%).#.K)........##....
#(.....KKW.......#....
#...#§.KK........#.._.
######.#.#)#.........'....
#....##.⌠@##.......(.#....
##....######..#'###..###...
#....##.....##...##..###...
#....##.....##.............
#...........###............
##.........##.##...........
##........##.#.#...........
#....##..##.####.##..###...
#....##..#.###...##'#######


You could see a big kobold, Firecrotchwizard's ghost and 4 kobolds.

Vanquished Creatures
  A phantom (D:4)
  An ogre (D:4)
  Blork the orc (D:4)
  An orc priest (D:4)
  Natasha (thrice) (D:4)
  A worker ant (D:4)
  6 gnolls (D:2)
  5 adders
  An ooze (D:1)
  5 worms
  2 dart slugs
  4 leopard geckos
  5 orcs
  3 giant cockroaches
  3 goblins
  6 hobgoblins
  3 quokkas
  A ball python (D:4)
  6 bats
  5 frilled lizards
  A jackal skeleton (D:2)
  8 kobolds
  9 rats
81 creatures vanquished.

Vanquished Creatures (others)
  3 kobolds (D:4)
3 creatures vanquished.

Grand Total: 84 creatures vanquished

Notes
Turn   | Place    | Note
-------+----------+-------------------------------------------
     0 | D:1      | Fang the Gargoyle Berserker began the quest for the Orb.
     0 | D:1      | Reached XP level 1. HP: 14/14 MP: 1/1
    20 | D:1      | Reached XP level 2. HP: 6/19 MP: 2/2
   759 | D:1      | Reached XP level 3. HP: 10/23 MP: 3/3
  1208 | D:2      | Reached ** piety under Trog
  1239 | D:2      | Reached XP level 4. HP: 6/29 MP: 4/4
  1245 | D:2      | Found an ancient bone altar of Kikubaaqudgha.
  1629 | D:2      | Reached skill level 4 in Fighting
  1907 | D:2      | Found a stormy altar of Qazlal.
  2102 | D:2      | Reached XP level 5. HP: 33/33 MP: 5/5
  3120 | D:4      | Found a radiant altar of Vehumet.
  3147 | D:4      | Noticed Natasha
  3156 | D:4      | Killed Natasha
  3172 | D:4      | Reached *** piety under Trog
  3172 | D:4      | Reached XP level 6. HP: 35/39 MP: 6/6
  3243 | D:4      | Found a glowing golden altar of the Shining One.
  3511 | D:4      | Noticed Blork the orc
  3523 | D:4      | Killed Blork the orc
  3523 | D:4      | Reached skill level 5 in Fighting
  3651 | D:4      | Noticed a phantom
  3676 | D:4      | Killed a phantom
  3676 | D:4      | Reached XP level 7. HP: 24/44 MP: 7/7
  3927 | D:4      | Noticed Natasha
  3939 | D:4      | Killed Natasha
  4053 | D:4      | Noticed Natasha
  4055 | D:4      | Killed Natasha
  4064 | D:4      | Found a runed translucent gate.
  4064 | D:4      | Noticed Firecrotchwizard's ghost (amateur GnWn)
  4065 | D:4      | Found a runed translucent gate.
  4066 | D:4      | Found a runed translucent gate.
  4276 | D:4      | Killed from afar by a kobold

Skill      XL: |  1  2  3  4  5  6 |
---------------+-------------------+-----
Axes           | 3 4 |  4.4
Dodging        | 2 3 |  3.3
Armour         | 3 4 |  4.5
Fighting       | 4 5 |  5.2

Action                   |  1- 3 |  4- 6 |  7- 9 || total
-------------------------+-------+-------+-------++-------
Melee: Hand axe          |    90 |     1 |       ||    91
       War axe           |       |   197 |    18 ||   215
Invok: Berserk           |     1 |     2 |     1 ||     4
       Trog's Hand       |       |       |     1 ||     1
  Eat: Chunk             |     1 |    11 |     2 ||    14
Armor: Animal skin       |    47 |     5 |       ||    52
       Chain mail        |       |   117 |    15 ||   132
Dodge: Dodged            |    94 |    99 |     7 ||   200
